[Event "SVK-ch Open 2018"]
[Site "Banska Stiavnica"]
[Date "2018.07.12"]
[Round "6"]
[White "Aczel, Gergely"]
[Black "Pacher, Milan"]
[Result "1-0"]
[ECO "E46"]
[WhiteElo "2543"]
[BlackElo "2467"]
[Annotator "ChessBase"]
[PlyCount "57"]
[EventDate "2018.07.07"]
[EventType "swiss"]
[EventCountry "SVK"]
[SourceTitle "playchess.com"]
[Source "ChessBase"]
[SourceQuality "1"]
[TimeControl "40/5400+30:1800+30"]

1. d4 Nf6 2. c4 e6 3. Nc3 Bb4 4. e3 O-O 5. Bd2 b6 6. Bd3 Bb7 7. Nf3 d6 8. O-O Nbd7 9. a3 Bxc3 10. Bxc3 Ne4 11. Be1 f5 12. Nd2 Qf6 13. f3 Nxd2 14. Bxd2 e5 15. d5 Rae8 16. b4 Bc8 17. Rc1 f4 18. Qa4 Qh6 19. Rce1 g5 20. Qxa7 Qh5 21. exf4 gxf4 22. Qxc7 Rf6 23. Rf2 Kh8 24. c5 Rg8 25. c6 Nf8 26. Qxc8 Rh6 27. h3 Ne6 28. Qxg8+ Kxg8 29. dxe6 1-0

[Event "SVK-ch Open 2018"]
[Site "Banska Stiavnica"]
[Date "2018.07.12"]
[Round "6"]
[White "Talla, Vladimir"]
[Black "Hrbek, Stepan"]
[Result "1-0"]
[ECO "D26"]
[WhiteElo "2402"]
[BlackElo "2129"]
[Annotator "NA"]
[PlyCount "51"]
[EventDate "2018.07.07"]
[EventType "swiss"]
[EventCountry "SVK"]
[SourceTitle "playchess.com"]
[Source "ChessBase"]
[SourceQuality "1"]
[TimeControl "40/5400+30:1800+30"]

1. Nf3 d5 2. d4 Nf6 3. c4 dxc4 4. e3 e6 5. Bxc4 c5 6. O-O Nc6 7. Nc3 a6 8. a4 Be7 9. Qe2 cxd4 10. Rd1 O-O 11. exd4 Nb4 12. Ne5 Nfd5 13. Ne4 f5 14. Nc3 Bf6 15. Ra3 Qd6 16. Nxd5 Nxd5 17. Rh3 g6 18. Bh6 Rd8 19. Qd2 Qb4 20. Qc2 b5 21. Bxd5 exd5 22. Nc6 Qxa4 23. b3 Qa3 24. Nxd8 Bxd8 25. Qc6 Rb8 26. Qe8+ 1-0

[Event "SVK-ch Open 2018"]
[Site "Banska Stiavnica"]
[Date "2018.07.12"]
[Round "6"]
[White "Jablonicky, Martin"]
[Black "Bakalar, Jan"]
[Result "1-0"]
[ECO "B01"]
[WhiteElo "2356"]
[BlackElo "1998"]
[Annotator "NA"]
[PlyCount "116"]
[EventDate "2018.07.07"]
[EventType "swiss"]
[EventCountry "SVK"]
[SourceTitle "playchess.com"]
[Source "ChessBase"]
[SourceQuality "1"]
[TimeControl "40/5400+30:1800+30"]

1. e4 d5 2. exd5 Nf6 3. d4 Nxd5 4. Nf3 g6 5. c4 Nb6 6. Nc3 Bg7 7. c5 Nd5 8. Bc4 Nxc3 9. bxc3 O-O 10. O-O Bg4 11. h3 Bxf3 12. Qxf3 c6 13. Re1 Nd7 14. Rb1 b5 15. cxb6 Nxb6 16. Bb3 Qd7 17. Ba3 Bf6 18. Re2 Kg7 19. Rbe1 Rae8 20. Bc5 Nd5 21. c4 Nb6 22. a4 Nc8 23. a5 Qc7 24. Ba4 Rd8 25. Bxc6 Bxd4 26. Bxd4+ Rxd4 27. Bd5 Qf4 28. Qc3 Qf6 29. g3 Rf4 30. Qxf6+ Rxf6 31. c5 Rf5 32. Re5 Rxe5 33. Rxe5 e6 34. Bb7 Ne7 35. c6 Rd8 36. Rc5 Rd5 37. Rc1 Rxa5 38. c7 h5 39. c8=Q Nxc8 40. Bxc8 h4 41. g4 g5 42. Bb7 f5 43. Bc8 fxg4 44. hxg4 Kf6 45. Rc6 Re5 46. Ra6 Re4 47. f3 Rc4 48. Bxe6 Rc1+ 49. Kg2 Rc2+ 50. Kh3 Ke5 51. Bf5 Rc7 52. Ra4 Rg7 53. f4+ gxf4 54. Re4+ Kd5 55. Rxf4 Kc5 56. Kxh4 a5 57. g5 Ra7 58. Bc2 Kd5 1-0

[Event "SVK-ch Open 2018"]
[Site "Banska Stiavnica"]
[Date "2018.07.12"]
[Round "6"]
[White "Vojtek, Vladimir"]
[Black "Bronis, Marian"]
[Result "1-0"]
[ECO "B00"]
[WhiteElo "2310"]
[BlackElo "2101"]
[Annotator "NA"]
[PlyCount "35"]
[EventDate "2018.07.07"]
[EventType "swiss"]
[EventCountry "SVK"]
[SourceTitle "playchess.com"]
[Source "ChessBase"]
[SourceQuality "1"]
[TimeControl "40/5400+30:1800+30"]

1. e4 Nc6 2. d4 d5 3. Nc3 e6 4. Nf3 Bb4 5. e5 b6 6. Bd3 Bb7 7. O-O Qd7 8. Ne2 a5 9. b3 Ba6 10. c4 a4 11. cxd5 Qxd5 12. Nf4 Qa5 13. Bxa6 Rxa6 14. d5 Nd8 15. Qd3 Ne7 16. a3 axb3 17. Bb2 Bc5 18. dxe6 1-0

[Event "SVK-ch Open 2018"]
[Site "Banska Stiavnica"]
[Date "2018.07.12"]
[Round "6"]
[White "Urhegyi, Marton"]
[Black "Bombek, Peter"]
[Result "1-0"]
[ECO "C03"]
[WhiteElo "2303"]
[BlackElo "2201"]
[Annotator "NA"]
[PlyCount "73"]
[EventDate "2018.07.07"]
[EventType "swiss"]
[EventCountry "SVK"]
[SourceTitle "playchess.com"]
[Source "ChessBase"]
[SourceQuality "1"]
[TimeControl "40/5400+30:1800+30"]

1. e4 e6 2. d4 d5 3. Nd2 Be7 4. Bd3 c5 $11 5. dxc5 Nf6 6. Qe2 O-O 7. Ngf3 a5 8. O-O Na6 9. e5 Nd7 10. c3 Naxc5 11. Bc2 b6 12. Re1 Bb7 13. Nb3 Re8 14. Nfd4 Nf8 15. f4 a4 16. Nd2 f5 17. exf6 Bxf6 18. N2f3 a3 19. b3 Ne4 20. Qe3 Qc7 21. Bd2 Nxd2 22. Qxd2 Rac8 23. Rac1 g6 24. Bd3 Bc6 25. Ne5 Bxe5 26. fxe5 Nd7 27. Qg5 Nc5 28. Bxg6 Qg7 29. Nxc6 hxg6 30. Nd4 Ne4 31. Rxe4 dxe4 32. Rf1 Rf8 33. Rxf8+ Rxf8 34. Nxe6 e3 35. Nxg7 e2 36. Qc1 Kxg7 37. Qe1 1-0

[Event "SVK-ch Open 2018"]
[Site "Banska Stiavnica"]
[Date "2018.07.12"]
[Round "6"]
[White "Kantorik, Marian"]
[Black "Balogh, Peter"]
[Result "1/2-1/2"]
[ECO "A39"]
[WhiteElo "2260"]
[BlackElo "2097"]
[Annotator "NA"]
[PlyCount "62"]
[EventDate "2018.07.07"]
[EventType "swiss"]
[EventCountry "SVK"]
[SourceTitle "playchess.com"]
[Source "ChessBase"]
[SourceQuality "1"]
[TimeControl "40/5400+30:1800+30"]

1. Nf3 c5 2. c4 Nf6 3. Nc3 Nc6 4. g3 g6 5. Bg2 Bg7 6. O-O O-O 7. d4 cxd4 8. Nxd4 Nxd4 9. Qxd4 d6 10. Qd3 Rb8 $14 {[%emt 0:01:11] LiveBook: 82 Games} 11. b3 Qa5 12. Bd2 Qh5 13. f3 a6 14. Rac1 Bh3 15. Nd5 Nxd5 16. Qxd5 Qxd5 17. cxd5 Bxg2 18. Kxg2 Rfc8 19. Rxc8+ Rxc8 20. Rc1 Rxc1 21. Bxc1 Kf8 22. e4 Ke8 23. Be3 Kd7 24. Kf2 Be5 25. Ke2 e6 26. f4 Bg7 27. g4 exd5 28. exd5 f5 29. Kf3 Bf6 30. h3 Kc7 31. Bf2 h5 {[%emt 0:04:47] Ke4} 1/2-1/2

[Event "SVK-ch Open 2018"]
[Site "Banska Stiavnica"]
[Date "2018.07.12"]
[Round "6"]
[White "Franzen, Jozef"]
[Black "Lukac, Roman"]
[Result "1-0"]
[ECO "A05"]
[WhiteElo "2256"]
[BlackElo "2089"]
[Annotator "NA"]
[PlyCount "82"]
[EventDate "2018.07.07"]
[EventType "swiss"]
[EventCountry "SVK"]
[SourceTitle "playchess.com"]
[Source "ChessBase"]
[SourceQuality "1"]
[TimeControl "40/5400+30:1800+30"]

1. Nf3 Nf6 2. g3 c5 3. Bg2 Nc6 4. O-O e5 5. d3 d5 6. Nbd2 Be7 7. e4 dxe4 8. dxe4 O-O 9. c3 h6 10. Qe2 Be6 11. Nc4 Qc7 12. Nh4 Rfd8 13. Nf5 Bf8 14. f4 Kh7 15. fxe5 Nd7 16. Nce3 Ncxe5 17. Nd5 Qa5 18. Bf4 g6 19. Nfe3 Rac8 20. h4 c4 21. Kh2 Bg7 22. Bh3 Re8 23. h5 Bxh3 24. hxg6+ fxg6 25. Kxh3 Qa6 26. Bxe5 Rxe5 27. Qg4 Rd8 28. Rf7 h5 29. Qf3 Rf8 30. Rxf8 Nxf8 31. Kg2 Qe6 32. Nf4 Qc6 33. Ned5 Ne6 34. Nxg6 Rg5 35. Nge7 Qd6 36. Nf5 Qe5 37. Rh1 Kg6 38. Rh4 Bf8 39. Kh3 Bc5 40. Nf4+ Kf7 41. Rxh5 Rxf5 1-0

[Event "SVK-ch Open 2018"]
[Site "Banska Stiavnica"]
[Date "2018.07.12"]
[Round "6"]
[White "Sarkozy, Ladislav"]
[Black "Brhel, Jan"]
[Result "1/2-1/2"]
[ECO "D21"]
[WhiteElo "2247"]
[BlackElo "2070"]
[Annotator "NA"]
[PlyCount "31"]
[EventDate "2018.07.07"]
[EventType "swiss"]
[EventCountry "SVK"]
[SourceTitle "playchess.com"]
[Source "ChessBase"]
[SourceQuality "1"]
[TimeControl "40/5400+30:1800+30"]

1. d4 d5 2. c4 dxc4 3. Nf3 e6 4. e3 a6 5. Bxc4 b5 6. Bb3 Bb7 7. O-O c5 8. Qe2 Nc6 9. Rd1 cxd4 10. exd4 Nce7 11. d5 Nxd5 12. Nc3 Be7 13. Nxd5 Bxd5 14. Bxd5 exd5 15. Bg5 Kf8 16. Bf4 1/2-1/2

[Event "SVK-ch Open 2018"]
[Site "Banska Stiavnica"]
[Date "2018.07.12"]
[Round "6"]
[White "Molnar, Erno"]
[Black "Druska, Juraj"]
[Result "1/2-1/2"]
[ECO "C77"]
[WhiteElo "2231"]
[BlackElo "2439"]
[Annotator "NA RC"]
[PlyCount "80"]
[EventDate "2018.07.07"]
[EventType "swiss"]
[EventCountry "SVK"]
[SourceTitle "playchess.com"]
[Source "ChessBase"]
[SourceQuality "1"]
[TimeControl "40/5400+30:1800+30"]

1. e4 e5 2. Nf3 Nc6 3. Bb5 a6 4. Ba4 Nf6 5. Qe2 b5 6. Bb3 Bc5 7. c3 O-O 8. O-O d6 9. d3 h6 10. h3 Be6 11. Re1 Re8 12. Nbd2 Bb6 13. Bxe6 Rxe6 14. Nf1 d5 15. Ng3 Qd7 16. Be3 d4 17. cxd4 Nxd4 18. Nxd4 exd4 19. Bd2 c5 20. b3 Rae8 21. Rac1 Qd8 22. f4 c4 23. bxc4 bxc4 24. Rxc4 Nxe4 25. Nxe4 Rxe4 26. Qxe4 Rxe4 27. Rxe4 Qd6 28. Bb4 Qd7 29. Bc5 Bxc5 30. Rxc5 Qa4 31. Rc4 Qxa2 32. Rexd4 h5 33. Ra4 Qd2 34. Rd8+ Kh7 35. Rdd4 f5 36. Kh2 Qf2 37. Rac4 h4 38. Ra4 Qg3+ 39. Kg1 Qe1+ 40. Kh2 Qg3+ 1/2-1/2

[Event "SVK-ch Open 2018"]
[Site "Banska Stiavnica"]
[Date "2018.07.12"]
[Round "6"]
[White "Sikora, Jan"]
[Black "Gajdosik, Andrej"]
[Result "1/2-1/2"]
[ECO "B07"]
[WhiteElo "2209"]
[BlackElo "1992"]
[Annotator "NA"]
[PlyCount "53"]
[EventDate "2018.07.07"]
[EventType "swiss"]
[EventCountry "SVK"]
[SourceTitle "playchess.com"]
[Source "ChessBase"]
[SourceQuality "1"]
[TimeControl "40/5400+30:1800+30"]

1. d4 d6 2. e4 Nf6 3. Nc3 g6 4. Bg5 Bg7 5. Qd2 O-O 6. Bh6 e5 7. d5 Nbd7 8. h4 Nc5 9. f3 a5 10. h5 Qe7 11. Nge2 Ne8 12. Bxg7 Kxg7 13. g4 g5 14. h6+ Kh8 15. Ng3 Rg8 16. Bb5 Rg6 17. Bxe8 Qxe8 18. Rh5 f6 19. O-O-O Bd7 20. Rdh1 b5 21. R5h2 Rg8 22. Nh5 Rf8 23. Ne2 b4 24. Neg3 Qf7 25. Kb1 Rfb8 26. Nf5 a4 27. Rc1 1/2-1/2

[Event "SVK-ch Open 2018"]
[Site "Banska Stiavnica"]
[Date "2018.07.12"]
[Round "6"]
[White "Kanakova, Natalie"]
[Black "Szeberenyi, Adam"]
[Result "1/2-1/2"]
[ECO "A36"]
[WhiteElo "2206"]
[BlackElo "2372"]
[Annotator "NA"]
[PlyCount "98"]
[EventDate "2018.07.07"]
[EventType "swiss"]
[EventCountry "SVK"]
[SourceTitle "playchess.com"]
[Source "ChessBase"]
[SourceQuality "1"]
[TimeControl "40/5400+30:1800+30"]

1. c4 c5 2. Nc3 Nc6 3. g3 g6 4. Bg2 Bg7 5. a3 Nf6 6. e4 O-O 7. Nge2 Ne8 8. Rb1 Nc7 9. b4 d6 10. O-O Ne6 11. d3 Ncd4 12. f4 Nxe2+ 13. Nxe2 Nd4 14. Nxd4 Bxd4+ 15. Kh1 Rb8 16. f5 Bd7 17. Bh6 Bg7 18. Bxg7 Kxg7 19. d4 cxd4 20. Qxd4+ f6 21. c5 dxc5 22. Qxc5 b6 23. Qe3 Ba4 24. fxg6 hxg6 25. e5 Rc8 26. Rf4 Bc6 27. Bxc6 Rxc6 28. Rd4 Qa8 29. Qe4 f5 30. Qg2 Rfc8 31. Rbd1 Qb8 32. Qd5 Qc7 33. e6 Kf6 34. g4 Rc2 35. R4d2 Rxd2 36. Qxd2 Qc6+ 37. Kg1 Qxe6 38. gxf5 gxf5 39. Qh6+ Kf7 40. Qh7+ Kf8 41. Rf1 Qe3+ 42. Kh1 Qe4+ 43. Kg1 Qd4+ 44. Kh1 e6 45. Rxf5+ exf5 46. Qxf5+ Ke7 47. Qxc8 Qa1+ 48. Kg2 Qa2+ 49. Kg1 Qa1+ 1/2-1/2

[Event "SVK-ch Open 2018"]
[Site "Banska Stiavnica"]
[Date "2018.07.12"]
[Round "6"]
[White "Mrvova, Alena"]
[Black "Bojda, Lubomir"]
[Result "1-0"]
[ECO "B20"]
[WhiteElo "2202"]
[BlackElo "2064"]
[Annotator "NA"]
[PlyCount "87"]
[EventDate "2018.07.07"]
[EventType "swiss"]
[EventCountry "SVK"]
[SourceTitle "playchess.com"]
[Source "ChessBase"]
[SourceQuality "1"]
[TimeControl "40/5400+30:1800+30"]

1. e4 c5 2. g3 Nc6 3. Bg2 g6 4. Ne2 Bg7 5. O-O e6 6. d3 Nge7 7. c3 O-O 8. Na3 d5 9. exd5 Nxd5 10. Nc4 e5 11. Ne3 Be6 12. Qc2 Rc8 13. f4 exf4 14. Nxf4 Nxf4 15. gxf4 f5 16. Nc4 Bd5 17. Rd1 Bxg2 18. Qxg2 Re8 19. Qf3 b5 20. Ne3 Kh8 21. Ng2 b4 22. Bd2 a5 23. Rac1 Qd6 24. Be3 Ne7 25. Bf2 bxc3 26. bxc3 Nd5 27. Be1 a4 28. a3 Rb8 29. c4 Bd4+ 30. Bf2 Nc3 31. Re1 Rxe1+ 32. Rxe1 Rb2 33. Be3 Kg7 34. Kf1 Bf6 35. Bc1 Rc2 36. Kg1 h5 37. Kh1 Kh6 38. Ne3 Qxd3 39. Ng4+ hxg4 40. Qxd3 Rf2 41. Qd6 Bd4 42. Qf8+ Bg7 43. Qxc5 Rc2 44. Qe7 1-0

[Event "SVK-ch Open 2018"]
[Site "Banska Stiavnica"]
[Date "2018.07.12"]
[Round "6"]
[White "Jamrich, Gyorgy"]
[Black "Budinsky, Martin"]
[Result "1-0"]
[ECO "A25"]
[WhiteElo "2200"]
[BlackElo "1985"]
[Annotator "NA"]
[PlyCount "75"]
[EventDate "2018.07.07"]
[EventType "swiss"]
[EventCountry "SVK"]
[SourceTitle "playchess.com"]
[Source "ChessBase"]
[SourceQuality "1"]
[TimeControl "40/5400+30:1800+30"]

1. c4 e5 2. Nc3 Nc6 3. g3 g6 4. Bg2 Bg7 5. e3 d6 6. Nge2 Be6 7. Nd5 Qd7 8. Qa4 h5 9. h4 Nh6 10. e4 f5 11. d3 O-O 12. Bg5 Kh7 13. f3 Qf7 14. O-O-O Bxd5 15. cxd5 Nd4 16. Nxd4 exd4 17. Kb1 Rfb8 18. Rc1 fxe4 19. dxe4 b5 20. Qc2 Rb7 21. Qd3 Qe8 22. Bxh6 Kxh6 23. f4 Rc8 24. Bh3 Rcb8 25. g4 Qf7 26. Rcf1 c5 27. dxc6 Rc7 28. g5+ Kh7 29. Bd7 Qc4 30. Rh3 Rb6 31. f5 Ra6 32. b3 Qb4 33. fxg6+ Kh8 34. Rhf3 Raxc6 35. Bxc6 Rxc6 36. Rc1 Rc3 37. Rxc3 dxc3 38. Qd5 1-0

[Event "SVK-ch Open 2018"]
[Site "Banska Stiavnica"]
[Date "2018.07.12"]
[Round "6"]
[White "Sikorova, Olga"]
[Black "Polyik, Peter"]
[Result "1-0"]
[ECO "A20"]
[WhiteElo "2193"]
[BlackElo "2311"]
[Annotator "NA"]
[PlyCount "103"]
[EventDate "2018.07.07"]
[EventType "swiss"]
[EventCountry "SVK"]
[SourceTitle "playchess.com"]
[Source "ChessBase"]
[SourceQuality "1"]
[TimeControl "40/5400+30:1800+30"]

1. c4 e5 2. g3 c6 3. d4 e4 4. Bg2 d5 5. cxd5 cxd5 6. Nc3 Nf6 $11 {[%emt 0:00:30] LiveBook: 64 Games} 7. Bg5 Bb4 8. Rc1 Nbd7 9. e3 O-O 10. Nge2 h6 11. Bxf6 Nxf6 12. Qb3 Bxc3+ 13. Rxc3 Bf5 14. O-O Qd7 15. Rfc1 Rfc8 16. Rxc8+ Rxc8 17. Rxc8+ Qxc8 18. Nc3 Bg4 19. Qa3 a6 20. Qc5 Qd7 21. a4 Bf3 22. Bf1 g5 23. b4 h5 24. b5 axb5 25. Nxb5 Kg7 26. Qd6 Bg4 27. a5 Ne8 28. Qc5 Nf6 29. Nc3 Bf3 30. Qb5 Bg4 31. Qxd7 Bxd7 32. Bb5 Bxb5 33. Nxb5 Ne8 34. Nc3 Nc7 35. Na4 Nb5 36. Nc5 Nd6 37. Nxb7 Nb5 38. h4 g4 39. a6 Kf6 40. Nd6 Nc7 41. a7 Ke7 42. Nb7 Kd7 43. Kf1 Kc6 44. Nc5 Na8 45. Ke2 Nb6 46. Kd2 Na8 47. Kc3 Nb6 48. Kb4 Na8 49. Ka4 Nb6+ 50. Ka5 Na8 51. Na6 Nb6 52. Nb4+ 1-0

[Event "SVK-ch Open 2018"]
[Site "Banska Stiavnica"]
[Date "2018.07.12"]
[Round "6"]
[White "Lintner, Igor"]
[Black "Pesztericz, Laszlo"]
[Result "1-0"]
[ECO "A45"]
[WhiteElo "2173"]
[BlackElo "1980"]
[Annotator "NA"]
[PlyCount "49"]
[EventDate "2018.07.07"]
[EventType "swiss"]
[EventCountry "SVK"]
[SourceTitle "playchess.com"]
[Source "ChessBase"]
[SourceQuality "1"]
[TimeControl "40/5400+30:1800+30"]

1. d4 Nf6 2. Bf4 g6 3. Nc3 d5 4. e3 Bg7 5. h4 h5 6. Qd2 c6 7. Nf3 Nbd7 8. Ne5 O-O 9. f3 Nxe5 10. Bxe5 Bf5 11. Be2 b5 12. g4 hxg4 13. Bxf6 Bxf6 14. fxg4 Be4 15. Nxe4 dxe4 16. g5 Bh8 17. O-O-O e5 18. h5 exd4 19. hxg6 fxg6 20. Bg4 Qd6 21. Qg2 Be5 22. Qh3 Kf7 23. Qh7+ Ke8 24. Rdf1 Qe7 25. Rxf8+ 1-0

[Event "SVK-ch Open 2018"]
[Site "Banska Stiavnica"]
[Date "2018.07.12"]
[Round "6"]
[White "Macko, Michal"]
[Black "Chmiel, Marcin"]
[Result "1/2-1/2"]
[ECO "A13"]
[WhiteElo "2158"]
[BlackElo "2249"]
[Annotator "NA"]
[PlyCount "145"]
[EventDate "2018.07.07"]
[EventType "swiss"]
[EventCountry "SVK"]
[SourceTitle "playchess.com"]
[Source "ChessBase"]
[SourceQuality "1"]
[TimeControl "40/5400+30:1800+30"]

1. c4 e6 2. g3 d5 3. Bg2 Nf6 4. Nf3 c5 5. O-O Be7 6. b3 O-O 7. Bb2 Nc6 8. e3 d4 9. exd4 cxd4 10. d3 e5 11. Ba3 a5 12. Re1 Nd7 13. c5 Bxc5 14. Bxc5 Nxc5 15. Nxe5 Qd6 16. Nxc6 bxc6 17. Nd2 Ba6 18. Ne4 Nxe4 19. dxe4 f6 20. Rc1 Rac8 21. Qd2 Qb4 22. Red1 c5 23. Bh3 Rce8 24. Qxb4 axb4 25. Rxc5 Rxe4 26. Bg2 Re5 27. Bd5+ Kh8 28. f4 Re2 29. Rxd4 Rxa2 30. Rxb4 Re8 31. Be6 h6 32. f5 g6 33. g4 h5 34. Rb6 gxf5 35. gxf5 Re7 36. h4 Bd3 37. Rc8+ Kh7 38. Bg8+ Kg7 39. Be6 Bxf5 40. Rcc6 Rb2 41. Kf1 Bxe6 42. Rxe6 Rxe6 43. Rxe6 Rxb3 44. Kg2 Kg6 45. Ra6 Rb4 46. Kg3 Rb3+ 47. Kg2 Re3 48. Rb6 Kf5 49. Ra6 Re6 50. Ra4 Re4 51. Ra6 Rxh4 52. Ra5+ Kg6 53. Kg3 Re4 54. Kf3 Re5 55. Ra8 Rb5 56. Rh8 Kg5 57. Rg8+ Kf5 58. Re8 Rb3+ 59. Kg2 h4 60. Rf8 Kg5 61. Rg8+ Kf4 62. Rh8 h3+ 63. Kh2 f5 64. Re8 Re3 65. Rf8 Ke4 66. Rf7 f4 67. Re7+ Kf3 68. Rf7 Ke4 69. Re7+ Kd3 70. Rf7 Rf3 71. Re7 Re3 72. Rf7 Ke4 73. Re7+ {Ke5} 1/2-1/2

[Event "SVK-ch Open 2018"]
[Site "Banska Stiavnica"]
[Date "2018.07.12"]
[Round "6"]
[White "Bango, Lukas"]
[Black "Dylag, Emilia"]
[Result "1-0"]
[ECO "B50"]
[WhiteElo "2148"]
[BlackElo "1935"]
[Annotator "NA"]
[PlyCount "55"]
[EventDate "2018.07.07"]
[EventType "swiss"]
[EventCountry "SVK"]
[SourceTitle "playchess.com"]
[Source "ChessBase"]
[SourceQuality "1"]
[TimeControl "40/5400+30:1800+30"]

1. e4 c5 2. Nf3 d6 3. c3 Nf6 4. Be2 Nc6 5. d4 cxd4 6. cxd4 Nxe4 7. d5 Qa5+ 8. Nc3 Nxc3 9. bxc3 Ne5 10. Nxe5 Qxc3+ 11. Bd2 Qxe5 12. O-O Qxd5 13. Rb1 e5 14. Bb5+ Bd7 15. Bxd7+ Kxd7 16. Qg4+ Ke8 17. Rfc1 e4 18. Rc8+ Rxc8 19. Qxc8+ Ke7 20. Rxb7+ Kf6 21. Bc3+ Kg5 22. h4+ Kh6 23. Qg4 f6 24. Rxa7 Qd3 25. Qf4+ Kh5 26. Qf5+ Kh6 27. Bxf6 gxf6 28. Qxf6+ 1-0

[Event "SVK-ch Open 2018"]
[Site "Banska Stiavnica"]
[Date "2018.07.12"]
[Round "6"]
[White "Zatko, Gregor"]
[Black "Gelle, Istvan"]
[Result "1-0"]
[ECO "D00"]
[WhiteElo "2144"]
[BlackElo "2344"]
[Annotator "NA"]
[PlyCount "85"]
[EventDate "2018.07.07"]
[EventType "swiss"]
[EventCountry "SVK"]
[SourceTitle "playchess.com"]
[Source "ChessBase"]
[SourceQuality "1"]
[TimeControl "40/5400+30:1800+30"]

1. d4 d5 2. Bf4 c6 3. Nc3 Bf5 4. f3 e6 5. e4 Bg6 6. Bd3 Bd6 7. e5 Bb4 8. Nge2 Ne7 9. O-O Nd7 10. a3 Ba5 11. Be3 b5 12. f4 Bb6 13. b4 a5 14. Qb1 Bxd3 15. cxd3 Nf5 16. Bf2 h5 17. bxa5 Bxa5 18. Na2 g5 19. Qc1 gxf4 20. Qxf4 h4 21. Be1 Bxe1 22. Raxe1 Rg8 23. Nb4 Nb8 24. Nc2 Qg5 25. Qf2 Nd7 26. Nf4 Ra4 27. Nb4 Nb8 28. Rc1 Kd7 29. Qc2 Nxd4 30. Qc5 Ne2+ 31. Kh1 Nxf4 32. Qd6+ Kc8 33. Rxc6+ Nxc6 34. Qxc6+ Kd8 35. Qd6+ Ke8 36. Qb8+ Qd8 37. Qxb5+ Kf8 38. Qxa4 Qg5 39. Qc2 Nxg2 40. Nxd5 exd5 41. e6 f5 42. Qc7 Rg7 43. Rxf5+ 1-0

[Event "SVK-ch Open 2018"]
[Site "Banska Stiavnica"]
[Date "2018.07.12"]
[Round "6"]
[White "Horvath, Julia"]
[Black "Bochnicka, Vladimir"]
[Result "0-1"]
[ECO "D27"]
[WhiteElo "2107"]
[BlackElo "2092"]
[Annotator "NA"]
[PlyCount "118"]
[EventDate "2018.07.07"]
[EventType "swiss"]
[EventCountry "SVK"]
[SourceTitle "playchess.com"]
[Source "ChessBase"]
[SourceQuality "1"]
[TimeControl "40/5400+30:1800+30"]

1. d4 d5 2. c4 dxc4 3. e3 Nf6 4. Bxc4 e6 5. Nf3 c5 6. O-O a6 7. a4 Nc6 8. Nc3 Be7 9. Qe2 cxd4 10. Rd1 O-O 11. exd4 Nb4 12. Ne5 Bd7 13. d5 exd5 14. Nxd5 Nbxd5 15. Bxd5 Nxd5 16. Rxd5 Bg4 17. Rxd8 Bxe2 18. Rd2 Rfd8 19. h3 Rxd2 20. Bxd2 Rd8 21. Bc3 f6 22. Nf3 Bc5 23. Rc1 Rd1+ 24. Rxd1 Bxd1 25. a5 Bxf3 26. gxf3 Kf7 27. Kg2 Ke6 28. Kg3 Kd5 29. b3 Kc6 30. Kg4 Bxf2 31. Kf5 Kd5 32. Bb4 Bd4 33. Bf8 g6+ 34. Kf4 Bc3 35. Be7 Bd2+ 36. Kg3 Ke6 37. Bd8 Kf5 38. Bc7 h5 39. Kf2 Bf4 40. Bd8 Ke6 41. Ke2 f5 42. Kd3 Kd5 43. h4 Be5 44. Bb6 Bf6 45. Bf2 g5 46. hxg5 Bxg5 47. Ke2 Bd8 48. Be1 h4 49. Kf2 h3 50. Kg1 Bc7 51. Bf2 Bd6 52. Kf1 Kc6 53. Kg1 Bc5 54. Bxc5 Kxc5 55. Kh2 Kb4 56. Kxh3 Kxa5 57. Kg3 Kb4 58. Kf4 Kxb3 59. Kxf5 a5 0-1

[Event "SVK-ch Open 2018"]
[Site "Banska Stiavnica"]
[Date "2018.07.12"]
[Round "6"]
[White "Brozyna, Mateusz"]
[Black "Istok, Vojtech"]
[Result "1-0"]
[ECO "B18"]
[WhiteElo "2098"]
[BlackElo "1971"]
[Annotator "NA"]
[PlyCount "53"]
[EventDate "2018.07.07"]
[EventType "swiss"]
[EventCountry "SVK"]
[SourceTitle "playchess.com"]
[Source "ChessBase"]
[SourceQuality "1"]
[TimeControl "40/5400+30:1800+30"]

1. e4 c6 2. d4 d5 3. Nc3 dxe4 4. Nxe4 Bf5 5. Ng3 Bg6 6. Nh3 e6 7. Nf4 Bd6 8. Nfh5 Kf8 9. Be2 Nf6 10. O-O Nbd7 11. Bg5 Qa5 12. Bf4 Bxf4 13. Nxf4 Rd8 14. c4 e5 15. dxe5 Nxe5 16. Qb3 Qb6 17. Qa3+ c5 18. Rad1 Ke7 19. Qe3 Qxb2 20. Nxg6+ hxg6 21. f4 Nfd7 22. fxe5 Nxe5 23. Qxc5+ Ke6 24. Ne4 Rxd1 25. Ng5+ Kd7 26. Rxd1+ Ke8 27. Qc8+ 1-0

[Event "SVK-ch Open 2018"]
[Site "Banska Stiavnica"]
[Date "2018.07.12"]
[Round "6"]
[White "Kerdik, Adam"]
[Black "Kostolansky, Sebastian Lukas"]
[Result "1/2-1/2"]
[ECO "E61"]
[WhiteElo "2091"]
[BlackElo "2197"]
[Annotator "NA"]
[PlyCount "194"]
[EventDate "2018.07.07"]
[EventType "swiss"]
[EventCountry "SVK"]
[SourceTitle "playchess.com"]
[Source "ChessBase"]
[SourceQuality "1"]
[TimeControl "40/5400+30:1800+30"]

1. d4 Nf6 2. c4 g6 3. Nc3 Bg7 4. Nf3 d6 5. Bg5 O-O 6. e3 Nbd7 7. Be2 c5 8. O-O b6 9. d5 Bb7 10. a4 a6 11. e4 h6 12. Bf4 Qc7 13. h3 Rad8 14. Bh2 Rfe8 15. Qc2 e5 16. dxe6 fxe6 17. e5 dxe5 18. Qxg6 Nf8 19. Bxe5 Qxe5 20. Qxg7+ Kxg7 21. Nxe5 Ng6 22. Bf3 Nxe5 23. Bxb7 a5 24. Rfe1 Nxc4 25. Bc6 Re7 26. Re2 Kf7 27. Bb5 Nd6 28. Rd1 Nd5 29. Bc6 Nxc3 30. bxc3 Nb7 31. Rb1 Nd6 32. Rxb6 Nc4 33. Rb5 Rc7 34. Bf3 Rd3 35. Bg4 e5 36. Rb3 Rd1+ 37. Kh2 Ra1 38. f4 e4 39. Rb5 e3 40. Bf3 Nd2 41. Bd5+ Kg7 42. g3 Ra3 43. Kg2 Rxc3 44. f5 Rd3 45. Be6 c4 46. Rb6 Ne4 47. Kf3 Ng5+ 48. Kf4 Nxe6+ 49. fxe6 c3 50. Rb1 Rc4+ 51. Kf3 Kf6 52. Rc1 Rxa4 53. Rxe3 Rxe3+ 54. Kxe3 Ra3 55. Rc2 Kxe6 56. Kd4 Kf5 57. Rf2+ Kg5 58. Rc2 a4 59. Kd3 Rb3 60. Kc4 Kf5 61. Kd3 Ke5 62. Re2+ Kf5 63. Rf2+ Kg5 64. Rc2 Kf5 65. Rf2+ Kg5 66. Rc2 a3 67. Kc4 a2 68. Rxa2 c2 69. Rxc2 Rxg3 70. Kd4 Rxh3 71. Ke4 Rg3 72. Rc5+ Kg4 73. Rc8 h5 74. Rg8+ Kh3 75. Rh8 Rg5 76. Kf4 Ra5 77. Rh7 h4 78. Kf3 Ra4 79. Kf2 Kh2 80. Rf7 h3 81. Rf8 Ra2+ 82. Kf1 Ra1+ 83. Kf2 Rg1 84. Rf7 Rg2+ 85. Kf1 Kh1 86. Rh7 Rg3 87. Kf2 Ra3 88. Rh8 Kh2 89. Rh7 Ra2+ 90. Kf1 Kg3 91. Rg7+ Kf3 92. Rf7+ Kg4 93. Rg7+ Kf5 94. Kg1 h2+ 95. Kh1 Kf4 96. Rg2 Ra8 97. Kxh2 Rh8+ 1/2-1/2